 Dungeon Crawl Stone Soup version 0.29.0-5-ge4962eb29e (webtiles) character file.

Game seed: 3449610964108430165

31 ragingrage the Trooper (level 3, -1/33 HPs)
             Began as a Minotaur Wanderer on Aug 29, 2022.
             Succumbed to an adder's poison
             ... on level 2 of the Dungeon.
             The game lasted 00:00:50 (1482 turns).

ragingrage the Trooper (Minotaur Wanderer)          Turns: 1482, Time: 00:00:50

Health: -1/33      AC:  3    Str: 17    XL:     3   Next: 7%
Magic:  3/3        EV: 11    Int: 13    God:
Gold:   77         SH:  0    Dex:  6    Spells: 4/4 levels left

rFire   . . .      SeeInvis .   a - +0 dagger
rCold   . . .      Faith    .   (no shield)
rNeg    . . .      Spirit   .   d - +0 leather armour
rPois   .          Reflect  .   (helmet restricted)
rElec   .          Harm     .   (no cloak)
rCorr   .          Rampage  .   (no gloves)
Will    .....                   (no boots)
Stlth   +.........              (no amulet)
HPRegen 0.11/turn               (no ring)
MPRegen 0.08/turn               (no ring)

@: lethally poisoned (-1 -> -7)
A: horns 2, retaliatory headbutt
a: no special abilities


You were on level 2 of the Dungeon.
You visited 1 branch of the dungeon, and saw 2 of its levels.

You collected 77 gold pieces.

Inventory:

Hand Weapons
 a - a +0 dagger (weapon)
Missiles
 b - 10 poisoned darts
 f - 3 javelins (quivered)
Armour
 d - a +0 leather armour (worn)
Scrolls
 e - 2 scrolls of teleportation {unknown}
 g - a scroll of amnesia {unknown}
Potions
 c - 2 potions of curing


   Skills:
 + Level 3.7 Fighting
 - Level 3.0 Throwing
 - Level 1.0 Spellcasting
 - Level 1.0 Hexes
 - Level 1.3 Summonings
 - Level 1.7 Evocations


You had 4 spell levels left.
You didn't know any spells.
Your spell library contained the following spells:

 Spells                   Type           Power      Damage    Failure   Level
 Summon Small Mammal      Summ           16%        N/A       21%         1
 Slow                     Hex            12%        N/A       22%         1
 Call Imp                 Summ           4%         N/A       30%         2
 Dazzling Flash           Conj/Hex       2%         N/A       63%         3
 Animate Armour           Summ/Erth      4%         N/A       95%         4


Dungeon Overview and Level Annotations

Branches:
Dungeon (2/15)

Altars:

Annotations:
D:2 Robin


Innate Abilities, Weirdness & Mutations

You have a pair of horns on your head.
You reflexively headbutt those who attack you in melee.


Message History

You see here a bat skeleton.
There is a stone staircase leading down here.
You climb downwards.
Robin shouts!
The goblin shouts!
The hobgoblin shouts!
The goblin shouts!
The hobgoblin shouts!
The goblin shouts! x3; The adder hisses angrily.
Found an opal ring.
Found a stone staircase leading up.
There is a stone staircase leading up here.
There are monsters nearby!
Unknown command.
You hit the hobgoblin but do no damage. Your headbutt misses the hobgoblin.
Robin roars a battlecry!
The goblins go into a battle-frenzy!
The hobgoblin barely misses you. The hobgoblin hits you.
The goblin hits you with a +0 club.
The hobgoblin hits you but does no damage.
The goblin hits you with a +0 dagger.
You are too injured to fight recklessly!
You are too injured to fight recklessly!
The goblin barely misses you. The hobgoblin closely misses you.
You furiously retaliate!
You headbutt the hobgoblin.
You kill the hobgoblin!
The hobgoblin hits you. The hobgoblin barely misses you. x2
The goblin hits you with a +0 dagger. The goblin closely misses you.
The hobgoblin closely misses you. The hobgoblin hits you.
Robin hits you with a +0 club.
* * * LOW HITPOINT WARNING * * *
The hobgoblin closely misses you. The goblin closely misses you.
The adder barely misses you. The adder bites you.
* * * LOW HITPOINT WARNING * * *
You are poisoned.
The adder poisons you! The hobgoblin closely misses you.
The hobgoblin hits you.
* * * LOW HITPOINT WARNING * * *
The hobgoblin hits you but does no damage.
The goblin hits you but does no damage. The goblin hits you with a +0 dagger.
* * * LOW HITPOINT WARNING * * *
Unknown command.
Unknown command.
Unknown command.
You die...

.# ...
#..######
#.g.g..##
##..gg.g.##
#...gS@g.=#
#....ggg..#
#<...gr...#
...........#
##.........#
##.........
.........#.
.............


You could see Robin, an adder, 4 hobgoblins, 6 goblins and a rat.

Vanquished Creatures
  A dart slug (D:1)
  A ball python (D:1)
  2 bats (D:1)
  5 endoplasms (D:1)
  2 giant cockroaches (D:1)
  2 goblins (D:1)
  3 hobgoblins
  3 jackals (D:1)
  2 kobolds (D:1)
  A quokka (D:1)
  2 rats (D:1)
24 creatures vanquished.

Notes
Turn   | Place    | Note
-------+----------+-------------------------------------------
     0 | D:1      | ragingrage the Minotaur Wanderer began the quest for the
                  | Orb.
     0 | D:1      | ragingrage set off with the following items: a +0 dagger,
                  | 10 poisoned darts, a potion of curing, a +0 leather armour;
                  | and the following spells available to memorise: Summon
                  | Small Mammal, Slow, Call Imp, Dazzling Flash, Animate
                  | Armour.
     0 | D:1      | Reached XP level 1. HP: 16/16 MP: 1/1
   120 | D:1      | Reached XP level 2. HP: 4/25 MP: 2/2
  1303 | D:1      | Reached XP level 3. HP: 32/33 MP: 3/3
  1477 | D:2      | Noticed Robin
  1481 | D:2      | HP: 1/33 [goblin/+0 dagger[Robin] (3)]
  1482 | D:2      | Succumbed to an adder's poison

Illustrated notes

Levels and vault maps discovered:
D:1:      dpeg_arrival_simpleton_b, layout_loops_corners
D:2:      layout_rooms, chequers_decorated_corner, lemuel_flame_loot_1,
          uniq_robin

Skill      XL: |  1  2 |
---------------+-------+-----
Fighting       | 2 3 |  3.7
Throwing       | |  3.0
Spellcasting   | |  1.0
Hexes          | |  1.0
Summonings     | |  1.3
Evocations     | |  1.7

Action                   || total
-------------------------++-------
Melee: Dagger            ||    77
       Headbutt          ||    12
Throw: Javelin           ||     2
Armor: Leather armour    ||    25
Dodge: Dodged            ||    68
